 Dungeon Crawl Stone Soup version 0.30-a0-422-g946f4849ff (webtiles) character file.

Game seed: 10544933988027428472

90 scionoferis the Shield-Bearer (level 4, -3/40 HPs)
             Began as an Armataur Fighter on Dec 8, 2022.
             Killed by nerve-wracking pain
             ... invoked by Grinder
              (10 damage)
             ... while paralysed by Grinder
             ... on level 3 of the Dungeon.
             The game lasted 00:03:17 (1716 turns).

scionoferis the Shield-Bearer (Armataur Fighter)    Turns: 1716, Time: 00:03:18

Health: -3/40      AC: 11    Str: 21    XL:     4   Next: 32%
Magic:  4/4        EV:  1    Int:  8    God:
Gold:   121        SH:  0    Dex: 12    Spells: 3/3 levels left

rFire   . . .      SeeInvis .    a - +0 flail
rCold   . . .      Faith    .    c - +0 buckler
rNeg    . . .      Spirit   .    g - +3 chain mail "Baycw" {rPois}
rPois   +          Reflect  .    (no helmet)
rElec   .          Harm     .    (no cloak)
rCorr   .          Roll     +    (no gloves)
Will    .....                    (no barding)
Stlth   ..........               (no amulet)
HPRegen 0.26/turn                (no ring)
MPRegen 0.09/turn                (no ring)

@: paralysed
A: large, rugged brown scales 3, deformed body, armoured tail, roll, long
tongue, awkward tongue
a: no special abilities


You were on level 3 of the Dungeon.
You visited 1 branch of the dungeon, and saw 3 of its levels.

You collected 121 gold pieces.


Innate Abilities, Weirdness & Mutations

You are completely covered in rugged brown scales. (AC +3, +7% HP)
Armour fits poorly on your strangely shaped body.
You have a long armoured tail.
You roll when moving toward enemies. (Rampage)
Your long tongue fully drains potion bottles. (2x potion effects)
Your tongue gives you trouble enunciating. (1.5x scroll delay)


   Skills:
 + Level 3.2 Fighting
 * Level 3.2 Maces & Flails
 - Level 3.6 Armour
 + Level 4.0 Shields


You had 3 spell levels left.
You didn't know any spells.
Your spell library contained the following spells:

 Spells                   Type           Power      Damage    Failure   Level
 Summon Guardian Golem    Hex/Summ       0%         N/A       100%        3
 Orb of Destruction       Conj           0%         9d5       100%        7
 Spellforged Servitor     Conj/Summ      0%         N/A       100%        7

Inventory:

Hand Weapons
 a - a +0 flail (weapon)
Missiles
 k - 4 boomerangs (quivered)
Armour
 c - a +0 buckler (worn)
 g - the +3 chain mail "Baycw" (worn) {rPois}
   (You found it on level 2 of the Dungeon)

   rPois:     It protects you from poison.
Scrolls
 b - a scroll of fear {unknown}
 e - 2 scrolls of teleportation {unknown}
 h - a scroll of identify {unknown}
 l - a scroll of silence {unknown}
 m - a scroll of vulnerability {unknown}
 n - a scroll of blinking {unknown}
 o - a scroll of magic mapping {unknown}
Potions
 d - a potion of might
 f - 2 potions of curing {unknown}
 i - a potion of cancellation {unknown}
 j - a potion of attraction {unknown}

Dungeon Overview and Level Annotations

Branches:
Dungeon (3/15)

Altars:

Annotations:
D:3 Grinder

#. .# #. #.# .. #.. ##.
#.# .. ..# ##### #. #.#
....# #.######.# # ###.#
#.5@.....# ..#
#†#################.##..#
#.......................#
###################.###.#
#.# #.# ##### #.# .....
#.# ..... ...


You could see Grinder.


Message History

Welcome, scionoferis the Armataur Fighter.
Will you be the one to retrieve the wondrous Orb of Zot from the depths?
Press ? for a list of commands and other information.
Found a staircase leading out of the dungeon.
Found a dagger.
e - a scroll labelled WOTIYBLAOG
Found a stone.
An endoplasm comes into view.
You roll towards the endoplasm!
Found a fuming puce potion.
You see here a stone.
You roll towards the endoplasm!
The endoplasm freezes you.
You are frozen.
You hit the endoplasm.
The endoplasm is lightly wounded.
The endoplasm freezes you.
You are frozen.
You sock the endoplasm!
You kill the endoplasm!
No target in view!
HP restored.
A rat comes into view.
You see here a fuming puce potion.
You roll towards the rat!
You closely miss the rat. You tail-slap the rat.
You kill the rat!
No target in view!
f - a fuming puce potion A rat comes into view.
You roll towards the rat!
A gnoll comes into view. It is wielding a +0 flail.
Found a book of Dangerous Friends.
You barely miss the rat.
The gnoll shouts!
The rat bites you but does no damage.
You barely miss the rat.
Your tail-slap misses the rat.
The rat bites you but does no damage.
You closely miss the rat. You tail-slap the rat.
You kill the rat!
The gnoll closely misses you.
You hit the gnoll.
The gnoll is lightly wounded.
The gnoll barely misses you.
You closely miss the gnoll.
Your tail-slap misses the gnoll.
The gnoll is lightly wounded.
The gnoll barely misses you.
You hit the gnoll.
The gnoll is moderately wounded.
A rat comes into view.
The gnoll hits you but does no damage. The gnoll hits you with a +0 flail.
You sock the gnoll!
The gnoll is almost dead.
The gnoll hits you but does no damage.
You hit the gnoll but do no damage. You tail-slap the gnoll.
You kill the gnoll!
Your Maces & Flails skill increases to level 2!
You have reached level 2!
A rat is nearby!
You see here a +0 flail.
You barely miss the rat. The rat bites you but does no damage.
The rat closely misses you.
You hit the rat but do no damage. The rat bites you.
You hit the rat but do no damage. You block the rat's attack.
You hit the rat.
You kill the rat!
No target in view!
You pick up a book of Dangerous Friends and begin reading...
You add the spells Summon Guardian Golem, Orb of Destruction and Spellforged Servitor to your library.
An endoplasm comes into view.
You roll towards the endoplasm!
A quokka comes into view.
You roll towards the endoplasm!
The endoplasm freezes you.
You are frozen.
You sock the endoplasm!
You kill the endoplasm!
You barely miss the quokka.
The quokka bites you but does no damage. x2
You sock the quokka!
You kill the quokka!
No target in view!
A quokka comes into view.
You see here a quokka corpse.
You hit the quokka.
You kill the quokka!
No target in view!
An endoplasm comes into view.
The endoplasm quivers.
The endoplasm moves out of view.
A ball python comes into view.
The ball python hisses angrily.
You roll towards the ball python!
The ball python barely misses you.
The ball python bites you but does no damage.
You hit the ball python but do no damage.
You tail-slap the ball python.
You kill the ball python!
No target in view!
A frilled lizard comes into view.
Found 12 gold pieces.
The frilled lizard hisses angrily.
You closely miss the frilled lizard.
The frilled lizard bites you but does no damage.
The frilled lizard bites you.
You closely miss the frilled lizard.
Your tail-slap misses the frilled lizard.
The frilled lizard closely misses you.
You hit the frilled lizard.
You kill the frilled lizard!
You hit the endoplasm.
The endoplasm is heavily wounded.
You block the endoplasm's attack. The endoplasm freezes you.
You are frozen.
You hit the endoplasm but do no damage.
The endoplasm is heavily wounded.
You block the endoplasm's attack.
You hit the endoplasm.
You kill the endoplasm!
No target in view!
You now have 12 gold pieces.
e - 2 scrolls labelled WOTIYBLAOG (gained 1)
A kobold comes into view. It is wielding a +0 club.
The kobold shouts!
You barely miss the kobold. The kobold hits you but does no damage.
The kobold hits you with a +0 club.
You sock the kobold!
You kill the kobold!
No target in view!
A bat comes into view.
A dart slug comes into view.
The bat hits you.
You roll towards the bat!
You barely miss the bat. The bat hits you but does no damage.
You barely miss the bat. The bat barely misses you.
The bat hits you but does no damage.
You hit the bat but do no damage.
Your tail-slap misses the bat.
The bat hits you but does no damage. The bat hits you.
The bat hits you but does no damage.
You miss the bat. The bat barely misses you. The bat hits you.
The bat hits you but does no damage. x2
You closely miss the bat. The bat hits you but does no damage.
You block the bat's attack.
You barely miss the bat. The bat hits you but does no damage. x2
You hit the bat.
Your tail-slap misses the bat.
The bat is severely wounded.
The bat closely misses you. The bat hits you but does no damage.
You miss the bat.
The bat is moderately wounded.
The bat hits you but does no damage. x2; The bat hits you.
You hit the bat.
You kill the bat!
Your Fighting skill increases to level 3!
You hit the dart slug.
The dart slug is heavily wounded.
The dart slug bites you but does no damage.
You thump the dart slug!
You kill the dart slug!
No target in view!
A rat comes into view.
Found a stone staircase leading down.
You roll towards the rat!
A kobold comes into view. It is wielding a +0 dagger.
The kobold shouts!
You hit the rat.
The rat is heavily wounded.
The rat bites you. The rat bites you but does no damage.
You hit the rat.
You kill the rat!
You roll towards the kobold!
You miss the kobold.
A sourceless malevolence fills the Dungeon...
You fall into a shaft and drop 1 floor!
The shaft crumbles and collapses.
Found a bubbling emerald potion, 11 gold pieces and 2 stones.
Found an escape hatch in the ceiling.
Found a stone staircase leading down.
Found a scale mail.
Found a stone staircase leading up.
A bat comes into view.
You roll towards the bat!
Found a warped chain mail.
You block the bat's attack.
Found a scale mail.
The bat closely misses you.
You see here 2 stones.
You miss the bat. You tail-slap the bat.
You kill the bat!
There is an escape hatch in the ceiling here.
An endoplasm comes into view.
The endoplasm quivers.
There is a stone staircase leading up here.
You roll towards the endoplasm!
You hit the endoplasm. You tail-slap the endoplasm.
You kill the endoplasm!
You have reached level 3!
Your experience leads to an increase in your attributes!
Increase (S)trength, (I)ntelligence, or (D)exterity?
You feel agile. x2
You see here the +3 chain mail "Baycw" {rPois}.
g - the +3 chain mail "Baycw" {rPois}
There is a stone staircase leading up here.
You start removing your armour.
You continue taking off your +0 scale mail. x4
You finish taking off your +0 scale mail.
You start putting on your armour.
You continue putting on the +3 chain mail "Baycw" {rPois}. x5
You finish putting on the +3 chain mail "Baycw" {rPois}.
Unknown command.
You drop a +0 scale mail.
There is a stone staircase leading up here.
You climb upwards.
Found an escape hatch in the floor.
There is a stone staircase leading down here.
You roll towards the giant cockroach!
A dart slug comes into view.
The giant cockroach barely misses you.
You closely miss the giant cockroach. You block the giant cockroach's attack.
The dart slug briefly extends its eye-stalks.
You thump the giant cockroach!
You kill the giant cockroach!
You roll towards the dart slug!
A goblin comes into view. It is wielding a +0 club.
The goblin shouts!
You hear a shout!
A kobold comes into view. It is wielding a +0 short sword.
You roll towards the dart slug!
Found 2 gold pieces.
You hit the dart slug.
The dart slug is heavily wounded.
The dart slug bites you.
You hit the dart slug. You tail-slap the dart slug.
You kill the dart slug!
You block the goblin's attack.
You barely miss the goblin. The goblin hits you but does no damage.
You closely miss the goblin. The goblin hits you but does no damage.
You barely miss the goblin.
The kobold hits you with a +0 short sword.
The goblin hits you but does no damage. You block the goblin's attack.
The kobold hits you but does no damage.
You closely miss the goblin. You block the kobold's attack.
The goblin hits you with a +0 club.
You barely miss the goblin. The kobold hits you but does no damage.
The goblin barely misses you.
You closely miss the goblin. You block the kobold's attack.
The goblin hits you but does no damage.
You completely miss the goblin.
Your tail-slap misses the goblin.
The kobold barely misses you. You block the goblin's attack.
The goblin hits you but does no damage. The kobold hits you but does no damage.
You barely miss the goblin. The kobold hits you but does no damage.
The goblin hits you but does no damage.
You closely miss the goblin.
Your tail-slap misses the goblin.
The kobold barely misses you. The goblin hits you but does no damage.
You hit the goblin.
You kill the goblin!
The kobold hits you with a +0 short sword.
The kobold hits you but does no damage.
You hit the kobold.
You kill the kobold!
No target in view!
No target in view!
HP restored.
You now have 14 gold pieces (gained 2).
Things that are here:
a +0 club; a goblin corpse
Things that are here:
a +0 short sword; a kobold corpse; a dart slug corpse
b - a scroll labelled ITHARCHAMEHU The kobold shouts!
You hit the kobold.
The kobold is moderately wounded.
The kobold hits you but does no damage.
You sock the kobold!
You kill the kobold!
No target in view!
You now have 27 gold pieces (gained 13).
A kobold comes into view. It is wielding a +0 short sword.
Found a thick glowing staff.
The kobold shouts!
You roll towards the kobold!
Found a scroll labelled HIWKU LEOCVIXT.
You hit the kobold.
You kill the kobold!
You see here a staff of death.
h - a scroll labelled HIWKU LEOCVIXT An endoplasm comes into view.
You hit the endoplasm but do no damage.
The endoplasm hits you but does no damage.
You hit the endoplasm.
The endoplasm is almost dead.
The endoplasm hits you but does no damage. x2
You hit the endoplasm.
You kill the endoplasm!
No target in view!
i - a pink potion
Found a stone staircase leading down.
A hobgoblin comes into view.
The hobgoblin hits you but does no damage.
You completely miss the hobgoblin. You block the hobgoblin's attack.
You closely miss the hobgoblin.
The hobgoblin hits you but does no damage.
You thump the hobgoblin!
You kill the hobgoblin!
No target in view!
A hobgoblin comes into view.
The hobgoblin shouts!
You roll towards the hobgoblin!
You thump the hobgoblin!
You kill the hobgoblin!
No target in view!
You see here a hobgoblin corpse.
You see here a hobgoblin corpse.
You see here a stone.
You see here a stone.
You see here a +0 flail.
Done exploring.
Done exploring.
There is a stone staircase leading down here.
Search for what [? for help]? d:1 Unknown command.
You climb downwards.
There is a stone staircase leading up here.
A bat comes into view.
You roll towards the bat!
The bat hits you but does no damage.
You roll towards the bat!
You hit the bat but do no damage. The bat hits you but does no damage.
The bat barely misses you. The bat hits you but does no damage.
You closely miss the bat.
Your tail-slap misses the bat.
The bat hits you but does no damage.
You roll towards the bat!
You miss the bat. The bat hits you but does no damage.
The bat hits you but does no damage.
You thump the bat!
You kill the bat!
No target in view!
You open the door.
A hobgoblin comes into view.
The hobgoblin shouts!
A frilled lizard comes into view.
There is an open door here.
The frilled lizard hisses angrily.
A ball python comes into view.
The ball python hisses angrily.
The hobgoblin hits you.
You barely miss the frilled lizard. You block the frilled lizard's attack.
The hobgoblin hits you but does no damage.
You hit the frilled lizard.
The frilled lizard is heavily wounded.
The hobgoblin hits you but does no damage.
The frilled lizard barely misses you.
You hit the frilled lizard.
You kill the frilled lizard!
You block the hobgoblin's attack. The hobgoblin hits you.
You hit the ball python.
You kill the ball python!
The hobgoblin hits you.
You hit the hobgoblin but do no damage. The hobgoblin hits you.
You thump the hobgoblin!
You kill the hobgoblin!
No target in view!
HP restored.
j - a bubbling emerald potion You now have 38 gold pieces (gained 11).
You open the door.
There is an open door here.
As you open the door, it creaks loudly!
A kobold comes into view. It is wielding a +0 club.
The kobold shouts!
There is an open door here.
You closely miss the kobold. The kobold hits you but does no damage.
You barely miss the kobold. The kobold hits you but does no damage.
You sock the kobold!
You kill the kobold!
No target in view!
You see here a +0 club.
An endoplasm comes into view.
The endoplasm quivers.
The endoplasm hits you but does no damage.
You hit the endoplasm.
The endoplasm is moderately wounded.
The endoplasm hits you but does no damage.
You sock the endoplasm!
You kill the endoplasm!
No target in view!
A kobold comes into view. It is wielding a +0 club.
The kobold shouts!
You see here 10 gold pieces.
You roll towards the kobold!
You roll towards the kobold!
Found 14 gold pieces.
The kobold barely misses you.
A kobold is nearby!
A kobold is nearby!
You closely miss the kobold. The kobold hits you but does no damage.
You closely miss the kobold.
The kobold hits you but does no damage. x2
You thump the kobold!
You kill the kobold!
No target in view!
You now have 48 gold pieces (gained 10).
You now have 62 gold pieces (gained 14).
Found a robe.
You see here a +0 robe.
Found a ring mail.
Found a stone staircase leading up.
Found a stone staircase leading down.
You see here a +0 ring mail.
A goblin comes into view. It is wielding a +0 dagger.
The goblin shouts!
The goblin hits you but does no damage.
You sock the goblin!
You kill the goblin!
No target in view!
Found 4 boomerangs.
No target in view!
There is a stone staircase leading down here.
Found 8 gold pieces.
You see here 4 boomerangs.
k - 4 boomerangs You now have 70 gold pieces (gained 8).
A quokka comes into view.
You barely miss the quokka. You block the quokka's attack.
You hit the quokka.
Your tail-slap misses the quokka.
The quokka is heavily wounded.
You block the quokka's attack.
The quokka bites you but does no damage.
You hit the quokka but do no damage.
The quokka is heavily wounded.
The quokka bites you but does no damage.
You barely miss the quokka.
The quokka is heavily wounded.
The quokka bites you but does no damage. x2
You hit the quokka but do no damage.
The quokka is heavily wounded.
You block the quokka's attack.
You barely miss the quokka.
The quokka is heavily wounded.
The quokka bites you but does no damage. x2
You hit the quokka.
You kill the quokka!
No target in view!
A goblin comes into view. It is wielding a +0 dagger.
The goblin shouts!
A goblin is nearby!
You roll towards the goblin!
Found a scroll labelled DIEDOLLUUPH.
Found a ring mail.
You barely miss the goblin. The goblin hits you but does no damage.
You hit the goblin.
The goblin is severely wounded.
You block the goblin's attack.
You miss the goblin.
The goblin is severely wounded.
The goblin hits you but does no damage. The goblin barely misses you.
You sock the goblin!
You kill the goblin!
No target in view!
l - a scroll labelled DIEDOLLUUPH You open the door.
There is an open door here.
A ball python comes into view.
The ball python hisses angrily.
You roll towards the ball python!
The ball python bites you but does no damage.
You thump the ball python!
You kill the ball python!
No target in view!
You see here a ball python corpse.
You see here a ball python corpse.
You now have 83 gold pieces (gained 13).
A rat comes into view.
You roll towards the rat!
You roll towards the rat!
The rat barely misses you.
You hit the rat.
You kill the rat!
No target in view!
You see here a rat corpse.
You see here a rat corpse.
A ball python comes into view.
The ball python hisses angrily.
You roll towards the ball python!
The ball python bites you but does no damage.
You barely miss the ball python. You tail-slap the ball python.
You kill the ball python!
No target in view!
There is a shaft here.
Found a dagger.
You see here a +0 dagger.
You see here a +0 dagger.
You see here a +0 scale mail.
An endoplasm comes into view.
The endoplasm quivers.
You roll towards the endoplasm!
You barely miss the endoplasm.
The endoplasm hits you but does no damage.
You thump the endoplasm!
You kill the endoplasm!
No target in view!
Found a faded altar of an unknown god.
An adder comes into view.
The adder hisses angrily.
You barely miss the adder.
Your tail-slap misses the adder.
The adder bites you but does no damage.
You closely miss the adder. You block the adder's attack.
The adder bites you but does no damage.
You miss the adder. You block the adder's attack.
The adder bites you but does no damage.
You barely miss the adder. The adder bites you but does no damage.
You closely miss the adder. You block the adder's attack. x2
You barely miss the adder.
The adder bites you but does no damage. x2
You sock the adder!
You kill the adder!
Your Maces & Flails skill increases to level 3!
No target in view!
No target in view!
No target in view!
A ball python comes into view.
The ball python hisses angrily.
You closely miss the ball python. The ball python barely misses you.
You sock the ball python!
You kill the ball python!
No target in view!
A frilled lizard comes into view.
You roll towards the frilled lizard!
You closely miss the frilled lizard. The frilled lizard bites you.
You sock the frilled lizard!
You kill the frilled lizard!
You have reached level 4!
You feel agile.
A giant cockroach comes into view.
Found a spear.
You roll towards the giant cockroach!
A bat comes into view.
You hit the giant cockroach. You tail-slap the giant cockroach.
You kill the giant cockroach!
The bat barely misses you. You block the bat's attack.
You see here a giant cockroach corpse.
You barely miss the bat. The bat hits you but does no damage. x2
You roll towards the bat!
You hit the bat.
You kill the bat!
No target in view!
There is a faded altar of an unknown god here.
There is a faded altar of an unknown god here.
A bat comes into view.
You roll towards the bat!
The bat hits you but does no damage.
Found 3 stones.
The bat hits you but does no damage. The bat hits you but does no damage.
You hit the bat.
You kill the bat!
No target in view!
Found an escape hatch in the floor.
Found a stone staircase leading down.
An adder comes into view.
The adder hisses angrily.
There is an escape hatch in the floor here.
You closely miss the adder.
The adder bites you but does no damage. x2
You sock the adder!
You kill the adder!
Your Shields skill increases to level 4!
No target in view!
You now have 90 gold pieces (gained 7).
m - a scroll labelled NAFFIE WIWEDEO You see here 3 stones.
There is a stone staircase leading down here.
You open the door.
There is an open door here.
There is a stone staircase leading down here.
Found a buckler.
You open the door.
There is an open door here.
Done exploring.
Done exploring.
Search for what [Enter for "d:1", or ? for help]? d:2 Unknown command.
There is a stone staircase leading down here.
You climb downwards.
There is a stone staircase leading up here.
A ball python and a hobgoblin come into view.
You barely miss the ball python. The ball python completely misses you.
You hit the ball python.
You kill the ball python!
You roll towards the hobgoblin!
You hit the hobgoblin but do no damage. The hobgoblin barely misses you.
You hit the hobgoblin.
The hobgoblin is heavily wounded.
The hobgoblin hits you but does no damage.
You sock the hobgoblin!
You kill the hobgoblin!
No target in view!
You see here a hobgoblin corpse.
You open the door.
There is an open door here.
A giant cockroach comes into view.
You roll towards the giant cockroach!
The giant cockroach bites you but does no damage.
You sock the giant cockroach!
You kill the giant cockroach!
No target in view!
You open the door.
Found a short sword.
There is an open door here.
You see here a +0 short sword.
A ball python comes into view.
The ball python hisses angrily.
A rat comes into view.
You roll towards the ball python!
You closely miss the ball python.
Your tail-slap misses the ball python.
The ball python bites you but does no damage.
You barely miss the ball python.
The ball python bites you but does no damage.
The rat bites you but does no damage.
You completely miss the ball python.
Your tail-slap misses the ball python.
The ball python barely misses you. You block the rat's attack.
The ball python bites you but does no damage.
The rat bites you.
You sock the ball python!
You kill the ball python!
The rat bites you but does no damage.
You hit the rat.
The rat is moderately wounded.
The rat bites you but does no damage.
You hit the rat.
The rat is severely wounded.
The rat barely misses you.
You sock the rat!
You kill the rat!
No target in view!
HP restored.
A bat comes into view.
The bat completely misses you.
You see here 4 gold pieces.
You closely miss the bat. The bat barely misses you.
You hit the bat.
Your tail-slap misses the bat.
The bat is moderately wounded.
The bat hits you but does no damage.
You roll towards the bat!
You thump the bat!
You kill the bat!
No target in view!
No target in view!
No target in view!
You now have 94 gold pieces (gained 4).
f - 2 fuming puce potions (gained 1)
You now have 113 gold pieces (gained 19).
Found a stone staircase leading down.
No target in view!
There is a stone staircase leading down here.
Found a leather armour.
You see here a +0 leather armour.
Found 6 stones.
You see here 6 stones.
n - a scroll labelled BEICSOLODU No target in view!
o - a scroll labelled PIC PIKKONT A hobgoblin comes into view.
The hobgoblin shouts!
You roll towards the hobgoblin!
You hit the hobgoblin.
Your tail-slap misses the hobgoblin.
The hobgoblin is moderately wounded.
The hobgoblin hits you but does no damage.
You barely miss the hobgoblin.
The hobgoblin is moderately wounded.
The hobgoblin hits you but does no damage.
You barely miss the hobgoblin.
The hobgoblin is moderately wounded.
The hobgoblin barely misses you. You block the hobgoblin's attack.
You barely miss the hobgoblin. You tail-slap the hobgoblin.
You kill the hobgoblin!
No target in view!
A hobgoblin comes into view.
The hobgoblin shouts!
The hobgoblin barely misses you.
You hit the hobgoblin but do no damage. You block the hobgoblin's attack.
You sock the hobgoblin!
You kill the hobgoblin!
No target in view!
You see here a hobgoblin corpse.
A giant cockroach comes into view.
You roll towards the giant cockroach!
You roll towards the giant cockroach!
The giant cockroach bites you but does no damage.
You hit the giant cockroach.
Your tail-slap misses the giant cockroach.
The giant cockroach is lightly wounded.
The giant cockroach closely misses you.
The giant cockroach bites you but does no damage.
You hit the giant cockroach but do no damage.
The giant cockroach is lightly wounded.
The giant cockroach bites you but does no damage.
You hit the giant cockroach. You tail-slap the giant cockroach.
The giant cockroach is heavily wounded.
You block the giant cockroach's attack.
The giant cockroach bites you but does no damage.
You hit the giant cockroach.
You kill the giant cockroach!
No target in view!
You now have 121 gold pieces (gained 8).
Grinder comes into view.
Grinder gestures at you.
You suddenly lose the ability to move!
Grinder gestures at you.
You barely resist. Grinder gestures at you.
You shrug off the repeated paralysis!
You can move again.
Grinder gestures at you. Pain shoots through your body!
You roll towards Grinder!
Grinder hits you.
You closely miss Grinder.
Grinder blinks!
You roll towards Grinder!
Grinder hits you.
You completely miss Grinder.
Grinder says, "I used to sell toenails on the black market."
Grinder blinks!
You roll towards Grinder!
You block Grinder's attack.
You closely miss Grinder. Grinder gestures at you.
You barely resist. You barely miss Grinder. You tail-slap Grinder!
Grinder is moderately wounded.
Grinder hits you but does no damage.
Grinder blinks!
You roll towards Grinder!
You closely miss Grinder.
Grinder is moderately wounded.
Grinder completely misses you.
You closely miss Grinder.
Grinder is moderately wounded.
Grinder hits you.
You writhe in agony.
You sock Grinder!
Grinder is moderately wounded.
Grinder hits you.
You closely miss Grinder.
Grinder is moderately wounded.
Grinder hits you. Grinder hits you but does no damage.
You hit Grinder.
Grinder is heavily wounded.
You block Grinder's attack.
You closely miss Grinder.
Your tail-slap misses Grinder.
Grinder is heavily wounded.
Grinder gestures at you.
You suddenly lose the ability to move!
Grinder grins, showing sharp teeth.
Grinder gestures at you. Pain shoots through your body!
* * * LOW HITPOINT WARNING * * *
Grinder gestures at you. Pain shoots through your body!
You die...

Skill      XL: |  1  2  3  4 |
---------------+-------------+-----
Maces & Flails | 2 3 |  3.2
Fighting       | 3 |  3.2
Shields        | 4 |  4.0
Armour         | |  3.6

Action                   |  1- 3 |  4- 6 || total
-------------------------+-------+-------++-------
Melee: Flail             |   115 |    42 ||   157
       Tailslap          |     8 |     4 ||    12
Armor: Scale mail        |    24 |       ||    24
       Chain mail        |    51 |    24 ||    75
Dodge: Dodged            |    20 |    11 ||    31
Block: Buckler           |    22 |     7 ||    29

Levels and vault maps discovered:
D:1:      dpeg_arrival_arbitrary_a, layout_basic
D:2:      mumra_celtic_spiral_tile, layout_basic,
          hellmonk_ecumenical_altar_crossroads, columned_hall_lemuel
D:3:      layout_basic, grunt_temple_overflow_order_and_chaos_2,
          corexii_corridor_pit, grunt_ministairs_8, uniq_grinder

Notes
Turn   | Place    | Note
-------+----------+-------------------------------------------
     0 | D:1      | scionoferis the Armataur Fighter began the quest for the
                  | Orb.
     0 | D:1      | Reached XP level 1. HP: 19/19 MP: 1/1
    54 | D:1      | Reached skill level 2 in Maces & Flails
    54 | D:1      | Reached XP level 2. HP: 23/26 MP: 2/2
   171 | D:1      | Reached skill level 3 in Fighting
   185 | D:1      | You fall into a shaft and drop 1 floor!
   198 | D:2      | Reached XP level 3. HP: 33/33 MP: 3/3
   199 | D:2      | Identified the +3 chain mail "Baycw" {rPois}
  1213 | D:2      | Found a faded altar of an unknown god.
  1225 | D:2      | Reached skill level 3 in Maces & Flails
  1248 | D:2      | Reached XP level 4. HP: 36/40 MP: 4/4
  1310 | D:2      | Reached skill level 4 in Shields
  1695 | D:3      | Noticed Grinder
  1695 | D:3      | Paralysed by Grinder for 5 turns
  1714 | D:3      | Paralysed by Grinder for 3 turns
  1716 | D:3      | Killed from afar by Grinder

Vanquished Creatures
  A gnoll (D:1)
  2 adders (D:2)
  2 dart slugs (D:1)
  7 ball pythons (D:1 D:2 D:3)
  7 endoplasms (D:1 D:2)
  4 giant cockroaches (D:1 D:2 D:3)
  3 goblins (D:1 D:2)
  6 hobgoblins (D:1 D:2 D:3)
  3 quokkas (D:1 D:2)
  6 bats (D:1 D:2 D:3)
  3 frilled lizards (D:1 D:2)
  6 kobolds (D:1 D:2)
  6 rats (D:1 D:2 D:3)
56 creatures vanquished.

Table legend: (Time is in decaauts)
 A = Elapsed time spent in this place.
 B = Non-inter-level travel time spent in this place.
 C = Inter-level travel time spent in this place.
 D = Time resting spent in this place.
 E = Time spent auto-exploring this place.
 F = Levels seen in this place.
 G = Mean time per level.
                   A        B        C        D        E       F      G
               +--------+--------+--------+--------+--------+-----+--------+
         Total |   1760 |   1748 |     12 |      0 |   1364 |   3 |  586.7 |
       Dungeon |   1760 |   1748 |     12 |      0 |   1364 |   3 |  586.7 |
               +--------+--------+--------+--------+--------+-----+--------+

Top non-repeatable levels by time:
     D:2: 912 daAuts
     D:1: 648 daAuts
     D:3: 200 daAuts

Table legend:
 A = Non-vault XP
 B = Vault XP
 C = Vault XP percentage of total XP
 D = Non-vault monster count
 E = Vault monster count
 F = Vault count percentage of total count
                 A         B        C        D         E       F
            +---------+---------+-------+---------+---------+-------
      Total |     129 |       0 |   0.0 |      56 |       0 |   0.0
            +---------+---------+-------+---------+---------+-------
        D:1 |      55 |       0 |   0.0 |      24 |       0 |   0.0
        D:2 |      59 |       0 |   0.0 |      23 |       0 |   0.0
        D:3 |      15 |       0 |   0.0 |       9 |       0 |   0.0
            +---------+---------+-------+---------+---------+-------
